 Dungeon Crawl Stone Soup version 0.29.1-1-gd02db6906a (webtiles) character file.

Game seed: 766729114948251761

299 MrElixer the Trooper (level 6, -1/56 HPs)
             Began as a Minotaur Berserker on Sept 26, 2022.
             Was a Believer of Trog.
             Slain by a gnoll
             ... wielding a +0 halberd
              (8 damage)
             ... on level 4 of the Dungeon.
             The game lasted 00:14:42 (3548 turns).

MrElixer the Trooper (Minotaur Berserker)           Turns: 3548, Time: 00:14:42

Health: -1/56      AC:  9    Str: 22    XL:     6   Next: 13%
Magic:  5/5        EV:  9    Int:  4    God:    Trog [**....]
Gold:   214        SH:  0    Dex: 11    Spells: 5/5 levels left

rFire   . . .      SeeInvis .   a - +1 mace
rCold   . . .      Faith    .   (no shield)
rNeg    . . .      Spirit   .   j - +0 chain mail
rPois   .          Reflect  .   (helmet restricted)
rElec   .          Harm     .   (no cloak)
rCorr   .          Rampage  .   (no gloves)
Will    .....                   (no boots)
Stlth   ..........              (no amulet)
HPRegen 0.18/turn               (no ring)
MPRegen 0.09/turn               (no ring)

@: on berserk cooldown, slowed, very slow
A: horns 2, retaliatory headbutt
a: Renounce Religion, Berserk, Trog's Hand


You were on level 4 of the Dungeon.
You worshipped Trog.
Trog was pleased with you.
You visited 1 branch of the dungeon, and saw 5 of its levels.

You collected 214 gold pieces.

Inventory:

Hand Weapons
 a - a +1 mace (weapon)
 d - a +0 short sword
 e - a +0 club
Missiles
 c - a curare-tipped dart
 h - 8 poisoned darts (quivered)
 s - a throwing net
Armour
 b - a +0 animal skin
 f - a +0 leather armour
 g - a +1 barding
 j - a +0 chain mail (worn)
 m - a +0 ring mail
 o - a +0 scale mail
 r - a +0 helmet
Wands
 p - a wand of flame (14)
Scrolls
 k - 3 scrolls of identify
 q - a scroll of teleportation
Potions
 i - a potion of degeneration
 l - a potion of might
 n - 2 potions of attraction


   Skills:
 + Level 5.2 Fighting
 + Level 5.2 Maces & Flails
 + Level 4.3 Armour
 + Level 4.0 Dodging


You had 5 spell levels left.
You didn't know any spells.
Your spell library was empty.

Dungeon Overview and Level Annotations

Branches:
Dungeon (5/15)
 Temple: D:4-7

Altars:
Uskayaw

Annotations:
D:4 1 transporter


Innate Abilities, Weirdness & Mutations

You have a pair of horns on your head.
You reflexively headbutt those who attack you in melee.


Message History

The endoplasm hits you but does no damage.
You struggle against the net.
The gnoll hits you but does no damage. The endoplasm freezes you.
You are frozen.
You struggle against the net.
The gnoll hits you with a +0 whip. The white imp gestures at you.
The puff of frost hits you!
The gnoll hits you from afar with a +0 halberd!
The endoplasm hits you but does no damage.
A red film seems to cover your vision as you go berserk!
You feel yourself moving faster!
You feel mighty! The gnoll barely misses you. The white imp hits you.
The white imp freezes you.
The gnoll hits you from afar with a +0 halberd.
The endoplasm freezes you.
You are frozen.
The gnoll hits you but does no damage.
Okay, then.
You are too berserk!
You rip the net and break free!
You feel a strong urge to attack something.
The gnoll hits you but does no damage. The gnoll closely misses you.
The white imp gestures at you. The puff of frost hits you!
* * * LOW HITPOINT WARNING * * *
The endoplasm closely misses you. The gnoll barely misses you.
You sock the endoplasm!
You feel the power of Trog in you as your rage grows.
You kill the endoplasm!
Trog accepts your kill.
The white imp hits you but does no damage.
The gnoll hits you but does no damage.
You feel a strong urge to attack something.
You are no longer berserk.
You are exhausted.
You feel yourself slow down. The gnoll hits you with a +0 whip.
* * * LOW HITPOINT WARNING * * *
The white imp gestures at you. The puff of frost hits you.
* * * LOW HITPOINT WARNING * * *
The gnoll hits you with a +0 halberd!
You die...

#.#.## ##.# #.# #.....
.###.##.###.## #+## #####.#.##
............# ##...## #.........
####....###.###.....###.###...#.
####.###.##.$.....##.###.###.
##......#......[..#.##..<...
#.......+.........+.........
##....###5g.......####......
##.#.####.@g....# #......
#.......#gg...## #......
#.#.###.##...## #...... #.#.#
#.# #+## ##..... . ..# #.#
##.... #....# #.# ##... #...##
#.# #.# ##.# ... #. ..#


You could see 4 gnolls and a white imp.

Vanquished Creatures
  A phantom (D:4)
  An iguana (D:5)
  An orc wizard (D:3)
  Natasha (thrice) (D:2)
  2 adders (D:3)
  A worm (D:2)
  3 dart slugs
  7 orcs
  4 bats
  9 endoplasms
  A giant cockroach (D:4)
  7 goblins
  5 hobgoblins
  4 quokkas
  5 ball pythons
  5 frilled lizards
  7 kobolds
  5 rats
71 creatures vanquished.

Notes
Turn   | Place    | Note
-------+----------+-------------------------------------------
     0 | D:1      | MrElixer the Minotaur Berserker began the quest for the
                  | Orb.
     0 | D:1      | Reached XP level 1. HP: 19/19 MP: 0/0
    72 | D:1      | Found a faded altar of an unknown god.
   365 | D:2      | Reached XP level 2. HP: 16/27 MP: 1/1
   900 | D:1      | Reached ** piety under Trog
  1132 | D:2      | Reached XP level 3. HP: 33/33 MP: 2/2
  1313 | D:2      | Found a hide-covered altar of Uskayaw.
  1347 | D:2      | Noticed Natasha
  1351 | D:2      | Killed Natasha
  1403 | D:2      | Noticed Natasha
  1406 | D:2      | Killed Natasha
  1407 | D:2      | Reached XP level 4. HP: 41/41 MP: 3/3
  1960 | D:2      | Noticed Natasha
  1964 | D:2      | Killed Natasha
  2542 | D:3      | Reached XP level 5. HP: 47/47 MP: 4/4
  2791 | D:4      | Found a transporter.
  3012 | D:5      | Entered Level 5 of the Dungeon
  3278 | D:4      | Reached skill level 5 in Fighting
  3278 | D:4      | Reached skill level 5 in Maces & Flails
  3345 | D:4      | Noticed a phantom
  3357 | D:4      | Killed a phantom
  3358 | D:4      | Reached XP level 6. HP: 56/56 MP: 5/5
  3548 | D:4      | Slain by a gnoll

Illustrated notes

Levels and vault maps discovered:
D:1:      psy_arrival_dodecagon, layout_basic, basic_ecumenical_altar
D:2:      layout_basic, basic_altar, kennysheep_cross_bottleneck,
          patterned_corridor, uniq_natasha
D:3:      layout_basic, kennysheep_doodads, minmay_splitting_lines
D:4:      layout_loops_corners, gammafunk_ghost_smash, cheibrodos_gnoll_hut
D:5:      layout_basic, lemuel_flame_loot_1

Skill      XL: |  1  2  3  4  5 |
---------------+----------------+-----
Fighting       | 4 5 |  5.2
Maces & Flails | 4 5 |  5.2
Armour         | 3 4 |  4.3
Dodging        | 3 4 |  4.0

Action                   |  1- 3 |  4- 6 || total
-------------------------+-------+-------++-------
Melee: Mace              |    49 |    90 ||   139
       Headbutt          |     8 |    12 ||    20
Throw: Dart              |     2 |     4 ||     6
       Throwing net      |       |     1 ||     1
Invok: Berserk           |     1 |     3 ||     4
  Use: Scroll            |     4 |     3 ||     7
       Potion            |     3 |     4 ||     7
 Stab: Sleeping          |       |     1 ||     1
Armor: Animal skin       |     5 |       ||     5
       Leather armour    |       |     5 ||     5
       Chain mail        |       |    29 ||    29
       Ring mail         |       |     2 ||     2
Dodge: Dodged            |    40 |    48 ||    88
